 Dungeon Crawl Stone Soup version 0.29.1-1-gd02db6906a (webtiles) character file.

Game seed: 16609107158097561736

101 Spookyspider the Digger (level 4, 0/27 HPs)
             Began as a Gargoyle Earth Elementalist on Oct 5, 2022.
             Slain by a hobgoblin (4 damage)
             ... led by Robin
             ... on level 2 of the Dungeon.
             The game lasted 00:07:14 (2666 turns).

Spookyspider the Digger (GrEE)                      Turns: 2666, Time: 00:07:15

Health: 0/27       AC:  5    Str: 12    XL:     4   Next: 75%
Magic:  0/8        EV: 15    Int: 17    God:
Gold:   71         SH:  0    Dex: 10    Spells: 5/9 levels left

rFire   . . .      SeeInvis .   (no weapon)
rCold   . . .      Faith    .   (no shield)
rNeg    + . .      Spirit   .   a - +0 robe
rPois   ∞          Reflect  .   (no helmet)
rElec   +          Harm     .   (no cloak)
rCorr   .          Rampage  .   (no gloves)
Will    .....                   (no boots)
Stlth   ++........              (no amulet)
HPRegen 0.09/turn               i - +4 ring of evasion
MPRegen 0.11/turn               (no ring)

@: no status effects
A: sickness immunity, AC +3, negative energy resistance 1, electricity
resistance, torment resistance 1, petrification resistance
a: no special abilities


You were on level 2 of the Dungeon.
You visited 1 branch of the dungeon, and saw 3 of its levels.

You collected 71 gold pieces.

Inventory:

Armour
 a - a +0 robe (worn)
Jewellery
 i - a +4 ring of evasion (left hand)
Wands
 o - a wand of quicksilver (5)
Scrolls
 c - 5 scrolls of identify {unknown}
 e - a scroll of torment {unknown}
 f - 2 scrolls of teleportation
 h - 2 scrolls of amnesia {unknown}
 j - 2 scrolls of noise {unknown}
 l - a scroll of poison {unknown}
Potions
 b - a potion of magic
 d - 2 potions of heal wounds
 g - a potion of might {unknown}
 k - a potion of haste {unknown}
 m - a potion of cancellation {unknown}
 n - a potion of degeneration {unknown}


   Skills:
 + Level 2.3 Fighting
 - Level 1.5 Dodging
 - Level 2.1 Stealth
 + Level 3.0 Spellcasting
 - Level 1.0 Transmutations
 + Level 4.7 Earth Magic


You had 5 spell levels left.
You knew the following spells:

 Your Spells              Type           Power      Damage    Failure   Level
a - Sandblast             Erth           36%        2d10      2%          1
b - Stone Arrow           Conj/Erth      20%        3d8       21%         3

Your spell library contained the following spells:

 Spells                   Type           Power      Damage    Failure   Level
 Passwall                 Tmut/Erth      10%        N/A       9%          2
 Petrify                  Tmut/Erth      12%        N/A       47%         4


Dungeon Overview and Level Annotations

Branches:
Dungeon (3/15)

Altars:
Kikubaaqudgha
Makhleb


Innate Abilities, Weirdness & Mutations

You are immune to sickness and miasma.
Your stone body is resilient. (AC +3)
You are immune to poison.
You resist negative energy. (rN+)
You are resistant to electric shocks. (rElec)
You are resistant to unholy torment.
You are immune to petrification.


Message History

The hobgoblin completely misses you.
The goblin no longer looks unusually strong.
The hobgoblin attacks as you move away! The hobgoblin barely misses you.
The goblin shoots a sling bullet.
The sling bullet barely misses you.
There is a stone staircase leading up here.
The hobgoblin no longer looks unusually strong.
The hobgoblin barely misses you.
You climb upwards.
There is a stone staircase leading down here.
The hobgoblin attacks as you move away! The hobgoblin misses you.
The hobgoblin closely misses you. The hobgoblin attacks as you move away!
The hobgoblin hits you.
* * * LOW HITPOINT WARNING * * *
The hobgoblin no longer looks unusually strong.
Casting: Sandblast (safe; 2% risk of failure)
Confirm with . or Enter, or press ? or * to list all spells.
Aiming: Sandblast (safe; 2% risk of failure)
Press: ? - help, Shift-Dir - straight line, f - hobgoblin
Aim: a hobgoblin (82% to hit)
The blast of sand hits the hobgoblin.
The hobgoblin is heavily wounded.
The hobgoblin hits you.
* * * LOW HITPOINT WARNING * * *
Okay, then.
Casting: Sandblast (safe; 2% risk of failure)
Confirm with . or Enter, or press ? or * to list all spells.
Aiming: Sandblast (safe; 2% risk of failure)
Press: ? - help, Shift-Dir - straight line, f/p - hobgoblin
Aim: a hobgoblin (heavily wounded, 82% to hit)
The blast of sand hits the hobgoblin!
You kill the hobgoblin!
The hobgoblin hits you.
* * * LOW HITPOINT WARNING * * *
The hobgoblin attacks as you move away!
The hobgoblin hits you but does no damage.
The hobgoblin attacks as you move away! The hobgoblin barely misses you.
The hobgoblin attacks as you move away! The hobgoblin hits you.
* * * LOW HITPOINT WARNING * * *
The hobgoblin attacks as you move away! The hobgoblin hits you.
You die...

#.#####.#.#.##########..#####.##.
........##.## #..# #.##.
#.########.##### #..# #.##. #.#
#.#...# #..# #.... #.# #...#.#
#..# ######. #.# ###...# #..#
#...... #.# ##.## #..# #.####.
#.# ###...#######..# #.# #. #.#
#.....g@....#..###.####.
#.########.#...#####.#...........
#.#........##.## #...........##
#.#.####......# ##.#########.##
#.#.# #.###### #..# #.## #.#.#
#.# #..# #.#. #.#.#
#.##########..##### #.#.
#.#.####.................#####.#.
..#...##.##########<.........#.#.


You could see a hobgoblin.

Vanquished Creatures
  Robin (D:3)
  2 adders
  3 dart slugs
  2 bats (D:2)
  6 endoplasms
  3 giant cockroaches
  7 goblins
  8 hobgoblins
  6 jackals
  2 quokkas
  5 ball pythons
  2 frilled lizards
  7 kobolds
  4 rats (D:1)
58 creatures vanquished.

Notes
Turn   | Place    | Note
-------+----------+-------------------------------------------
     0 | D:1      | Spookyspider the Gargoyle Earth Elementalist began the
                  | quest for the Orb.
     0 | D:1      | Reached XP level 1. HP: 10/10 MP: 3/3
   195 | D:1      | Reached skill level 1 in Transmutations
   502 | D:1      | Reached XP level 2. HP: 16/16 MP: 3/5
   638 | D:1      | Reached skill level 4 in Earth Magic
   723 | D:1      | Reached skill level 1 in Fighting
  1177 | D:2      | Reached XP level 3. HP: 20/20 MP: 4/6
  1181 | D:2      | Learned a level 3 spell: Stone Arrow
  1934 | D:2      | Reached XP level 4. HP: 26/26 MP: 5/8
  2229 | D:3      | Found a burning altar of Makhleb.
  2274 | D:3      | Found an ancient bone altar of Kikubaaqudgha.
  2452 | D:3      | Noticed Robin
  2645 | D:3      | Killed Robin
  2666 | D:2      | Slain by a hobgoblin

Illustrated notes

Levels and vault maps discovered:
D:1:      dpeg_arrival_rooms_b, layout_basic, minmay_split_cup_large
D:2:      layout_loops_ring, kennysheep_potato
D:3:      minmay_chambers_of_twos, layout_rooms, lemuel_coloured_pillars_altar,
          mainiacjoe_overflow_catwalk_spiral, uniq_robin

Skill      XL: |  1  2  3  4 |
---------------+-------------+-----
Transmutations | 1 |  1.0
Earth Magic    | 4 |  4.7
Fighting       | 1 2 |  2.3
Spellcasting   | 3 |  3.0
Dodging        | |  1.5
Stealth        | |  2.1

Action                   |  1- 3 |  4- 6 || total
-------------------------+-------+-------++-------
Melee: Unarmed           |     5 |       ||     5
 Cast: Sandblast         |    50 |    32 ||    82
  Use: Scroll            |     1 |       ||     1
       Potion            |     1 |       ||     1
Armor: Robe              |    16 |    15 ||    31
Dodge: Dodged            |    61 |    38 ||    99
